Map: Kairos Junction LE

Players

DnS

  • Race: Protoss Protoss
  • League: Master
  • Spawn Location: 5:00

Lambo - Winner!

  • Race: Zerg Zerg
  • League: Grandmaster
  • Spawn Location: 11:00

VOD

Have the link to the VOD?

Description

Time

  • Played on: Dec. 4, 2018, 12:27 p.m.
  • Length: 25:26
Show
View Real Time Build Order
Export as new Build Order

DnS Protoss 

Build Orders: 1 Gate Expand, Oracle Opening 

Get SALT Encoding   

  12  0:00  Probe  
  13  0:12  Probe  
  14  0:19  Pylon  
  14  0:24  Probe  
  15  0:33  Probe  
  15  0:38  Gateway  
  15  0:41  Probe  
  16  0:47  Assimilator  
  17  0:51  Probe  
  18  1:03  Probe  
  19  1:15  Probe  
  20  1:24  Nexus  
  20  1:38  Cybernetics Core  
  20  1:40  Probe  
  20  1:45  Assimilator  
  21  1:52  Probe  
  21  1:54  Pylon  
  22  2:04  Probe  
  22  2:06  Adept  
  25  2:16  Probe  
  25  2:18  Stargate  
  26  2:26  Warp Gate  
  26  2:28  Stalker, Probe  
  27  2:33  Probe  
  28  2:40  Probe  
  28  2:41  Probe  
  31  2:51  Probe  
  32  2:52  Probe  
  32  2:53  Oracle  
  34  3:03  Probe  
  34  3:04  Probe  
  39  3:10  Assimilator  
  39  3:12  Assimilator  
  39  3:14  Adept  
  39  3:15  Probe  
  42  3:21  Probe  
  42  3:24  Pylon  
  43  3:27  Probe  
  43  3:32  Gateway  
  44  3:35  Oracle, Probe  
  45  3:44  Probe  
  45  3:47  Probe  
  50  3:50  Pylon  
  50  3:56  Probe  
  50  4:00  Probe  
  52  4:03  Fleet Beacon  
  52  4:10  Probe  
  52  4:12  Probe  
  54  4:19  Pylon  
  54  4:23  Probe  
  55  4:25  Probe  
  56  4:32  Nexus  
  56  4:35  Probe  
  57  4:41  Tempest  
  57  4:45  Probe  
  59  4:55  Pylon  
  59  5:00  Adept x2  
  59  5:01  Probe x2  
  65  5:14  Shield Battery  
  65  5:17  Probe x2  
  65  5:18  Robotics Facility  
  67  5:23  Tempest  
  72  5:30  Sentry x2  
  72  5:32  Probe  
  77  5:36  Robotics Facility  
  77  5:38  Pylon  
  77  5:39  Probe, Pylon  
  77  5:42  Forge  
  78  5:51  Probe  
  78  5:53  Probe  
  80  5:57  Probe  
  80  6:03  Probe  
  82  6:05  Probe  
  82  6:06  Immortal  
  82  6:09  Probe  
  82  6:10  Sentry  
  90  6:11  Assimilator, Pylon  
  90  6:14  Assimilator  
  90  6:15  Probe  
  90  6:17  Probe  
  92  6:21  Probe  
  92  6:22  Twilight Council, Protoss Ground Weapons Level 1  
  93  6:27  Immortal, Probe  
  93  6:28  Robotics Bay  
  93  6:29  Probe  
  95  6:33  Probe  
  95  6:37  Immortal  
  101  6:40  Probe  
  101  6:42  Probe  
  101  6:46  Probe  
  107  6:50  Pylon  
  107  6:52  Probe, Pylon  
  107  6:54  Probe  
  109  7:03  Colossus x2  
  104  7:15  Gateway  
  104  7:17  Gateway  
  104  7:18  Gateway  
  116  7:28  Charge  
  116  7:29  Extended Thermal Lance  
  116  7:30  Gateway  
  116  7:32  Gateway, Pylon  
  116  7:41  Gateway  
  116  7:45  Templar Archives  
  128  7:58  Photon Cannon  
  128  8:00  Shield Battery  
  128  8:09  Zealot  
  128  8:10  Zealot  
  128  8:12  Protoss Ground Weapons Level 2  
  138  8:14  Stalker x2, Nexus  
  138  8:15  Stalker x2  
  138  8:16  Pylon  
  138  8:20  Phoenix  
  138  8:24  Probe x3  
  141  8:29  Stalker x2  
  141  8:32  Stalker x4  
  141  8:33  Stalker  
  134  8:35  Pylon  
  134  8:37  Anion Pulse-Crystals  
  114  8:51  Probe  
  115  8:55  Probe  
  115  8:56  Probe, Phoenix  
  115  9:00  Probe  
  119  9:03  Probe  
  119  9:04  Probe  
  119  9:08  Probe  
  122  9:12  Probe x2  
  122  9:14  High Templar x3  
  122  9:15  High Templar  
  133  9:17  Probe  
  133  9:20  Archon x2  
  133  9:23  Probe x2  
  135  9:26  Probe  
  145  9:33  Warp Prism, Colossus  
  145  9:36  Probe  
  146  9:39  Probe x3  
  146  9:41  High Templar  
  146  9:42  High Templar, Zealot x2  
  146  9:43  Photon Cannon  
  146  9:44  Photon Cannon  
  157  9:48  Archon, Stalker x2  
  157  9:51  Shield Battery  
  149  10:08  Blink, Zealot x2  
  149  10:14  High Templar x2, Zealot x4  
  156  10:17  Gateway  
  156  10:20  Gateway  
  162  10:28  Archon  
  162  10:35  Zealot x2  
  139  10:43  Zealot x4  
  147  10:51  Zealot x2  
  147  10:56  Colossus x2  
  155  11:20  High Templar  
  151  11:37  Nexus  
  107  11:43  Colossus x2  
  107  11:46  High Templar x4  
  99  11:47  Zealot x5  
  99  11:48  Zealot  
  99  11:50  Archon x2  
  123  11:57  Probe  
  123  11:58  Probe  
  123  12:00  Assimilator x2  
  125  12:09  Stalker x4  
  131  12:22  Tempest  
  130  12:37  Warp Prism, Stargate  
  130  12:39  Stalker x3  
  130  12:47  Gateway  
  130  12:48  Zealot  
  130  12:50  Stalker x3  
  138  12:54  Zealot x2  
  142  12:58  Shield Battery  
  142  12:59  Tempest  
  142  13:01  Photon Cannon  
  142  13:04  Pylon  
  142  13:06  Zealot x2  
  142  13:09  Tempest  
  142  13:10  Mothership  
  142  13:11  Nexus  
  151  13:13  Zealot  
  149  13:31  Zealot  
  149  13:33  Tempest  
  159  13:41  Tempest  
  159  13:42  Warp Prism, Observer  
  168  14:05  Protoss Air Weapons Level 1  
  168  14:08  Zealot x4  
  168  14:09  Zealot x3  
  180  14:12  Protoss Shields Level 1  
  180  14:15  Tempest  
  178  14:20  Pylon  
  178  14:21  Pylon  
  178  14:22  Pylon  
  169  14:35  High Templar x3  
  169  14:36  High Templar  
  177  14:40  Archon x2  
  177  14:42  Pylon  
  177  14:52  Zealot  
  179  14:55  Photon Cannon x2  
  179  14:56  Zealot x5  
  179  14:57  Photon Cannon, Shield Battery  
  179  14:58  Pylon  
  182  15:09  Tempest x2  
  184  15:25  High Templar  
  184  15:26  High Templar x3  
  192  15:30  Photon Cannon  
  192  15:31  Assimilator  
  192  15:32  Assimilator  
  192  15:33  Archon x2  
  190  15:45  Gateway  
  190  15:46  Gateway  
  190  15:48  Psionic Storm  
  190  15:49  Gateway  
  188  15:50  Protoss Shields Level 2  
  188  15:51  Adept  
  188  15:52  Gateway  
  188  15:55  High Templar  
  188  15:56  High Templar x3  
  198  16:00  Archon x2  
  198  16:11  Protoss Air Weapons Level 2  
  198  16:25  Stalker  
  196  16:56  Zealot x2  
  173  17:26  Stalker x14  
  173  17:27  Tempest x2  
  92  18:00  Tempest x2  
  92  18:06  High Templar x2  
  92  18:07  High Templar x3  
  92  18:08  Zealot  
  92  18:09  Zealot x8  
  130  18:15  Nexus  
  130  18:17  Pylon  
  126  18:34  Tempest  
  126  18:35  Tempest  
  126  18:43  Sentry  
  124  18:54  Zealot x11  
  146  18:56  Zealot  
  146  18:57  Zealot  
  150  19:03  Assimilator  
  150  19:06  Assimilator  
  150  19:09  Tempest x2  
  139  19:34  Archon  
  139  19:36  Zealot x9  
  139  19:37  Zealot  
  122  19:52  Tempest x2  
  108  20:24  Probe  
  108  20:26  High Templar x3  
  114  20:32  Probe  
  124  20:38  Zealot  
  124  20:39  Zealot x5  
  124  20:42  Probe  
  121  21:09  High Templar x2  
  121  21:10  High Templar x2  
  129  21:16  Probe, Cybernetics Core  
  129  21:17  Probe  
  125  21:19  Gateway x2  
  125  21:22  Gateway  
  125  21:23  Gateway  
  125  21:25  Gateway  
  125  21:30  Probe  
  125  21:31  Probe  
  119  21:42  Probe  
  112  22:16  Stalker x4  
  112  22:17  Stalker  
  122  22:29  Stalker x2  
  122  22:38  Stalker x2  
  122  22:42  Pylon x2  
  122  22:43  Pylon  
  114  22:44  Pylon x2  
  100  22:54  Pylon  
  95  23:00  Stalker x3  
  95  23:01  Stalker x3  
  69  23:27  Stalker  
  69  23:28  Stalker x5  
  77  23:52  Stalker x5  
  77  23:53  Stalker x2  
  57  24:16  Archon  
  44  24:24  Nexus  
  42  24:26  High Templar x3  
  42  24:27  High Templar x2  
  52  25:02  Stalker x3  
Show
View Real Time Build Order
Export as new Build Order

Lambo Zerg - Winner!

Build Orders: Hatch First, Brood Lord Corruptor, Muta Ling Bane 

Get SALT Encoding   

  12  0:01  Drone  
  13  0:12  Overlord  
  13  0:17  Drone  
  14  0:30  Drone x2  
  16  0:48  Hatchery  
  15  0:51  Drone  
  15  0:55  Drone  
  17  0:58  Drone  
  18  1:09  Extractor  
  17  1:15  Spawning Pool  
  17  1:16  Drone  
  17  1:19  Drone  
  18  1:27  Drone  
  19  1:39  Drone  
  20  1:50  Overlord  
  20  2:02  Queen x2  
  20  2:03  Zergling x4  
  26  2:08  Metabolic Boost  
  26  2:10  Drone  
  26  2:12  Drone  
  28  2:22  Drone x2  
  30  2:36  Hatchery  
  29  2:37  Drone  
  29  2:41  Drone  
  31  2:46  Drone  
  31  2:47  Overlord  
  32  3:00  Drone  
  32  3:03  Queen  
  35  3:09  Drone x2  
  35  3:10  Drone x2  
  35  3:11  Overlord  
  39  3:14  Drone x2  
  39  3:16  Drone x2  
  42  3:23  Spore Crawler  
  42  3:25  Drone  
  42  3:31  Spore Crawler  
  42  3:32  Overlord  
  41  3:34  Drone  
  41  3:38  Drone  
  43  3:41  Drone x2  
  43  3:43  Queen  
  43  3:45  Drone  
  48  3:51  Drone  
  48  3:52  Drone  
  48  3:54  Drone x2  
  52  3:58  Queen  
  52  4:00  Overlord  
  52  4:02  Drone  
  55  4:05  Zergling x2  
  56  4:12  Spore Crawler  
  56  4:15  Drone x3  
  58  4:18  Overlord  
  58  4:19  Drone x2  
  58  4:22  Drone  
  58  4:24  Roach Warren, Zergling x4  
  63  4:26  Drone  
  63  4:30  Zergling x2  
  62  4:40  Drone x3  
  63  4:49  Drone x4  
  63  4:52  Drone x2  
  64  4:56  Extractor  
  64  4:58  Drone x2, Overlord, Extractor  
  64  4:59  Lair, Drone x2  
  67  5:00  Drone  
  67  5:05  Drone x2  
  67  5:06  Overlord  
  69  5:09  Drone  
  69  5:13  Evolution Chamber  
  69  5:21  Drone x3  
  69  5:24  Drone x3  
  75  5:29  Drone x3  
  75  5:31  Extractor x2  
  75  5:32  Extractor  
  75  5:38  Queen, Hatchery  
  75  5:41  Zerg Missile Weapons Level 1, Overlord  
  76  5:42  Overlord  
  76  5:46  Overlord  
  76  5:53  Overlord  
  74  5:58  Drone x3  
  75  6:05  Drone x3  
  75  6:06  Drone x5  
  75  6:11  Spire  
  82  6:14  Drone x3  
  82  6:15  Hydralisk Den  
  82  6:18  Drone x3  
  86  6:19  Drone  
  87  6:44  Queen x3  
  92  6:50  Hydralisk  
  92  6:51  Hydralisk x5  
  92  6:52  Overlord  
  104  6:59  Drone x5  
  104  7:00  Drone x3  
  104  7:01  Grooved Spines  
  110  7:10  Overseer  
  110  7:12  Overlord  
  110  7:13  Drone  
  110  7:15  Drone x9  
  120  7:25  Extractor  
  120  7:26  Zerg Flyer Weapons Level 1  
  120  7:27  Extractor  
  117  7:31  Overlord  
  117  7:35  Overlord  
  117  7:37  Zerg Missile Weapons Level 2  
  117  7:39  Mutalisk x8  
  117  7:41  Mutalisk  
  135  7:49  Overlord, Mutalisk  
  137  7:59  Baneling Nest  
  137  8:02  Baneling Nest  
  135  8:06  Hatchery  
  135  8:11  Hydralisk x2, Zergling x26  
  151  8:15  Hydralisk, Zergling x6  
  151  8:19  Hydralisk x2  
  159  8:21  Zergling x2  
  159  8:25  Overlord  
  159  8:28  Overlord  
  157  8:55  Corruptor x9  
  151  9:01  Drone x3  
  170  9:03  Centrifical Hooks  
  170  9:08  Corruptor  
  170  9:09  Evolution Chamber  
  171  9:20  Zerg Flyer Armor Level 1  
  171  9:23  Corruptor x2  
  175  9:24  Overlord, Corruptor x2  
  175  9:26  Zergling x4  
  181  9:34  Infestation Pit  
  181  9:35  Muscular Augments  
  180  9:42  Overlord x2  
  180  9:43  Baneling  
  180  9:44  Overlord, Baneling x8  
  180  9:46  Overlord  
  180  9:50  Baneling x5  
  180  9:58  Zergling x18  
  180  9:59  Extractor  
  177  10:09  Hydralisk x4  
  180  10:14  Hydralisk x4  
  180  10:18  Hive  
  186  10:24  Zergling x30  
  186  10:28  Zerg Melee Weapons Level 1  
  193  10:42  Zergling x30  
  176  10:57  Hydralisk x2, Zergling x4  
  169  10:58  Zergling x16  
  169  11:00  Hydralisk x4  
  182  11:05  Baneling x18  
  182  11:11  Baneling  
  180  11:12  Hydralisk x3  
  180  11:13  Zergling x2  
  180  11:15  Baneling x5  
  180  11:17  Hydralisk  
  180  11:18  Zergling x2  
  184  11:20  Baneling x4  
  184  11:23  Baneling x6  
  177  11:27  Hydralisk x2  
  167  11:37  Hydralisk x4  
  167  11:38  Zergling x4  
  152  11:47  Greater Spire  
  152  11:50  Drone x4  
  152  11:53  Drone x6  
  162  12:08  Corruptor x3  
  157  12:25  Queen x2  
  157  12:26  Queen  
  157  12:33  Drone x13  
  167  12:42  Zerg Missile Weapons Level 3  
  165  13:02  Brood Lord x6  
  165  13:04  Brood Lord  
  179  13:09  Zergling x10  
  184  13:15  Brood Lord  
  184  13:18  Overseer  
  185  13:23  Extractor  
  185  13:24  Brood Lord, Extractor  
  184  13:29  Brood Lord  
  186  13:47  Spine Crawler  
  185  13:48  Spine Crawler x2  
  185  13:49  Spine Crawler x2  
  180  14:01  Corruptor  
  180  14:02  Corruptor x6  
  193  14:11  Zerg Flyer Weapons Level 2  
  193  14:12  Spine Crawler  
  193  14:13  Spine Crawler  
  191  14:18  Corruptor x2  
  191  14:19  Corruptor  
  191  14:20  Overseer  
  197  14:27  Corruptor x2  
  197  14:39  Queen  
  197  14:40  Overseer  
  199  14:47  Overlord  
  199  14:57  Overseer  
  199  14:58  Overseer x2, Hatchery  
  196  15:09  Corruptor x3  
  191  15:16  Corruptor x4  
  197  15:37  Drone x2  
  200  15:52  Brood Lord  
  200  16:07  Zerg Melee Weapons Level 2  
  200  16:10  Overseer  
  200  16:11  Overseer, Evolution Chamber, Pneumatized Carapace  
  200  16:12  Overseer x2  
  200  16:13  Zerg Ground Armor Level 1  
  200  16:14  Hatchery  
  189  16:19  Viper x4  
  197  16:28  Brood Lord  
  198  16:37  Spine Crawler  
  198  16:38  Brood Lord x2, Spine Crawler  
  200  16:42  Zerg Flyer Weapons Level 3  
  200  16:51  Spine Crawler x2  
  200  16:53  Spine Crawler  
  197  16:59  Overlord  
  197  17:05  Drone x3  
  170  17:32  Corruptor x7  
  188  17:40  Hydralisk x8  
  186  17:47  Hydralisk x6  
  186  17:48  Zergling x10  
  167  17:59  Brood Lord x5  
  177  18:12  Brood Lord  
  179  18:14  Brood Lord  
  179  18:15  Corruptor  
  179  18:19  Hatchery  
  182  18:23  Overseer  
  182  18:27  Brood Lord x2  
  186  18:31  Brood Lord  
  187  18:41  Brood Lord  
  187  18:57  Corruptor  
  187  18:58  Corruptor x3  
  195  19:06  Overseer  
  195  19:14  Corruptor  
  195  19:15  Corruptor  
  176  19:33  Corruptor x4  
  171  19:40  Corruptor x3  
  173  19:48  Corruptor  
  171  19:57  Hydralisk x3  
  171  20:07  Hydralisk x3  
  167  20:21  Spawning Pool  
  167  20:23  Hydralisk x2  
  162  20:38  Hydralisk  
  162  20:39  Hydralisk  
  147  20:54  Hydralisk x3  
  136  21:05  Spawning Pool  
  127  21:31  Overseer  
  127  21:40  Hydralisk x3  
  127  21:42  Drone x5  
  127  21:43  Drone  
  139  21:47  Hatchery  
  137  21:59  Drone x4  
  141  22:03  Hydralisk x2  
  145  22:09  Drone x3  
  148  22:31  Drone x7  
  155  22:47  Hydralisk x3  
  159  22:59  Hydralisk x2  
  143  23:25  Hydralisk x5  
  151  23:38  Overlord x2  
  147  23:54  Hydralisk x5  
  151  24:09  Hydralisk x6  
  109  24:17  Hydralisk  
  103  24:27  Hydralisk x2  
  107  24:32  Hydralisk  
  109  24:45  Hydralisk x3  
  109  24:46  Hydralisk  
  109  24:51  Hydralisk  
  109  24:52  Hydralisk  
Tags
 
Add a new tag
Caveats
  • Supply blocks, unpowered buildings, or Contaminate may cause inaccurate times.
  • Supply counts are checked every 10 seconds.